 Dungeon Crawl Stone Soup version 0.26-a0-597-gb535b0901c (webtiles) character file.

Game seed: 7921383948242192213

4887 ANON1729 the Fighter (level 10, -4/85 HPs)
             Began as a Demonspawn Wanderer on Aug 25, 2020.
             Slain by a slime creature (10 damage)
             ... on level 9 of the Dungeon.
             The game lasted 00:17:14 (11870 turns).

ANON1729 the Fighter (Demonspawn Wanderer)         Turns: 11870, Time: 00:17:14

Health: -4/85      AC: 19    Str: 13    XL:     10   Next: 26%
Magic:  10/10      EV: 23    Int: 11    God:
Gold:   1206       SH:  0    Dex: 18    Spells: 8/9 levels left

rFire    + . .     SeeInvis .   K - +6 war axe of Kugiewn {vorpal, rPois rF+}
rCold    . . .     Faith    .   (no shield)
rNeg     . . .     Spirit   .   d - +0 steam dragon scales
rPois    +         Reflect  .   (no helmet)
rElec    .         Harm     .   (no cloak)
rCorr    .                      (no gloves)
MR       .....                  u - +0 pair of boots {Fly}
Stlth    ++........             (no amulet)
HPRegen  0.24/turn              y - +4 ring of evasion
MPRegen  0.12/turn              w - +4 ring of protection

@: mighty, sanguine armour, flying
A: hooves 2, powered by pain 2, sanguine armour 2
a: Stop Flying


You were on level 9 of the Dungeon.
You visited 2 branches of the dungeon, and saw 10 of its levels.
You also visited: Sewer, Ossuary and Bailey.

You collected 1206 gold pieces.

Inventory:

Hand Weapons
 a - a +2 hand crossbow
 E - a +2 short sword of venom
 K - the +6 war axe of Kugiewn (weapon) {vorpal, rPois rF+}
   (You found it in a bailey)

   It inflicts extra damage upon your enemies.
   It protects you from fire.
   It protects you from poison.
 L - a +0 shortbow of flaming
Missiles
 b - 90 bolts
 h - 3 atropa-tipped darts (quivered)
 J - 48 boomerangs
Armour
 d - +0 steam dragon scales (worn)
 u - a +0 pair of boots of flying (worn)
Jewellery
 p - an uncursed ring of protection from cold
 w - a +4 ring of protection (right hand)
 y - a +4 ring of evasion (left hand)
 F - an uncursed ring of fire
 Q - an uncursed amulet of faith {unknown}
Wands
 I - a wand of polymorph (10)
 M - a wand of disintegration (25)
 P - a wand of digging (3)
 R - a wand of enslavement (10)
 S - a wand of acid (13)
Scrolls
 c - 6 scrolls of enchant weapon
 e - 11 scrolls of teleportation
 j - 7 scrolls of amnesia
 k - 3 scrolls of immolation
 n - 6 scrolls of remove curse
 s - 4 scrolls of magic mapping
 v - 2 scrolls of fear
 x - 2 scrolls of blinking
 D - 2 scrolls of enchant armour
 N - 2 scrolls of fog {unknown}
 O - a scroll of holy word {unknown}
Potions
 f - 2 potions of lignification {unknown}
 g - 9 potions of curing
 i - 2 potions of berserk rage {unknown}
 l - 8 potions of heal wounds
 m - a potion of invisibility {unknown}
 o - 8 potions of flight {unknown}
 q - a potion of haste {unknown}
 r - 3 potions of might {unknown}
 t - 2 potions of degeneration {unknown}
 z - 3 potions of mutation {unknown}
 A - 4 potions of brilliance {unknown}
 B - a potion of cancellation {unknown}
 C - 3 potions of stabbing {unknown}
 G - 2 potions of magic {unknown}
 H - 3 potions of ambrosia {unknown}


   Skills:
 + Level 10.1 Fighting
 - Level 4.1 Crossbows
 - Level 3.5 Armour
 + Level 9.3 Dodging
   Level 2.0 Summonings
   Level 1.0 Fire Magic
 - Level 2.0 Evocations


You had 8 spell levels left.
You knew the following spells:

 Your Spells              Type           Power        Failure   Level
a - Sandblast             Erth           #.....       34%         1

Your spell library contained the following spells:

 Spells                   Type           Power        Failure   Level
 Call Imp                 Summ           #.......     24%         2
 Animate Skeleton         Necr           #.....       34%         1
 Beastly Appendage        Tmut           #.....       34%         1
 Magic Dart               Conj           #...         34%         1
 Pain                     Necr           #...         34%         1
 Sting                    Tmut/Pois      #...         34%         1
 Blink                    Tloc           N/A          47%         2
 Passwall                 Tmut/Erth      #.......     47%         2
 Poisonous Vapours        Pois/Air       #.....       47%         2
 Slow                     Hex            #.......     47%         2
 Wereblood                Tmut           #.......     47%         2
 Conjure Flame            Conj/Fire      #.......     65%         3
 Ignite Poison            Fire/Tmut/Pois #.......     67%         3
 Mephitic Cloud           Conj/Pois/Air  #.......     71%         3
 Spider Form              Tmut/Pois      #.........   71%         3
 Stone Arrow              Conj/Erth      #.....       71%         3
 Vampiric Draining        Necr           #.........   71%         3
 Animate Dead             Necr           #.........   98%         4
 Ice Form                 Ice/Tmut       #.......     98%         4
 Olgreb's Toxic Radiance  Pois           #.......     98%         4
 Petrify                  Tmut/Erth      #.......     98%         4
 Agony                    Necr           #.......     100%        5
 Blade Hands              Tmut           #.........   100%        5
 Lee's Rapid Deconstruct  Erth           #.........   100%        5


Dungeon Overview and Level Annotations

Branches:
Dungeon (9/15)             Temple (1/1) D:4           Sewer (visited)
Ossuary (visited)          Bailey (visited)
   Lair: D:8-11         Orc: D:9-12

Altars:
Ashenzari
Cheibriados
Dithmenos
Elyvilon
Fedhas
Gozag
Hepliaklqana
Kikubaaqudgha
Makhleb
Nemelex Xobeh
Okawaru
Qazlal
Ru
Sif Muna
Trog
Uskayaw
Vehumet
Wu Jian
Xom
Yredelemnul
Zin
The Shining One
Beogh


Innate Abilities, Weirdness & Mutations

You have hoof-like feet.
You sometimes gain power by taking damage.
When seriously injured, your bleeding wounds create thick armour. (AC +9)


Message History

You completely miss the large slime creature.
The large slime creature hits you!!
* * * LOW HITPOINT WARNING * * *
You focus on the pain.
You feel very mighty all of a sudden.
The slime creature completely misses you. x2
The large slime creature completely misses you.
The slime creature misses you.
You are too injured to fight recklessly!
You are too injured to fight recklessly!
You are too injured to fight recklessly!
You slash the slime creature!
The slime creature is almost dead.
You hit the large slime creature. You slash the slime creature!
The slime creature misses you.
The large slime creature completely misses you.
The slime creature hits you!
* * * LOW HITPOINT WARNING * * *
The slime creature hits you!
You die...

# . #....(##.#. ..... .#.
.._.. ..### ### ... ....
#.. ..$ ..# #.# #.#
#.#####.# #..####J#
#<.....[# ......J@#
#####.####..#
#######J####.....####...
..........####.#.......#
#########.# #.#.####.##
#.# #......# #.# ###.##.#
# ##### #.######.##.#.##
#...####...............
###..................####


You could see a large slime creature and 2 slime creatures.

Vanquished Creatures
  An orc knight (Bailey)
  A troll (D:9)
  A hornet (D:8)
  2 hippogriffs (D:7)
  A wraith (Ossuary)
  A soldier ant (D:8)
  2 sky beasts
  4 orc warriors
  2 ogres (D:6)
  A black bear (D:7)
  3 phantoms
  4 big kobolds
  5 bullfrogs
  A gnoll sergeant (D:8)
  A scorpion (D:7)
  9 killer bees
  A bullfrog zombie (D:8)
  A hound (D:8)
  A human zombie (Ossuary)
  A jelly (D:9)
  A centaur skeleton (D:7)
  4 orc priests
  3 orc wizards (D:7)
  An iguana (D:4)
  Terence (D:2)
  4 worker ants
  A killer bee zombie (D:7)
  A hound skeleton (D:8)
  3 mummies (Ossuary)
  A howler monkey zombie (D:6)
  A worker ant zombie (D:7)
  10 adders
  17 gnolls
  A howler monkey skeleton (D:6)
  10 river rats
  3 white imps
  An ufetubus (D:7)
  An ooze (Sewer)
  11 worms
  4 dart slugs
  4 leopard geckos
  40 orcs
  4 bats
  2 giant cockroaches
  7 goblins
  6 hobgoblins
  13 jackals
  29 kobolds
  4 quokkas
  6 ball pythons
  5 frilled lizards
  2 goblin zombies (Ossuary)
  2 hobgoblin zombies (Ossuary)
  A jackal skeleton (D:5)
  6 kobold zombies (Ossuary)
  2 orc zombies
  31 rats
286 creatures vanquished.

Notes
Turn   | Place    | Note
-------+----------+-------------------------------------------
     0 | D:1      | ANON1729 the Demonspawn Wanderer began the quest for the
                  | Orb.
     0 | D:1      | ANON1729 set off with the following items: a +2 hand
                  | crossbow, 32 bolts, a +0 ring mail; and the following spell
                  | memorised: Sandblast; and the following spells available to
                  | memorise: Stone Arrow
     0 | D:1      | Reached XP level 1. HP: 13/13 MP: 1/1
   135 | D:1      | Gained mutation: You sometimes gain a little power by
                  | taking damage. [demonic ancestry]
   135 | D:1      | Reached XP level 2. HP: 19/19 MP: 2/2
   498 | D:1      | Gained mutation: When seriously injured, your bleeding
                  | wounds create armour. (AC +9) [demonic ancestry]
   498 | D:1      | Reached XP level 3. HP: 24/24 MP: 3/3
  1346 | D:2      | Noticed Terence
  1353 | D:2      | Killed Terence
  1353 | D:2      | Gained mutation: You have large cloven feet. [demonic
                  | ancestry]
  1353 | D:2      | Reached XP level 4. HP: 22/30 MP: 4/4
  1968 | D:3      | Found a faded altar of an unknown god.
  2170 | D:3      | Found a shattered altar of Ashenzari.
  2198 | D:3      | Gained mutation: You sometimes gain power by taking damage.
                  | [demonic ancestry]
  2198 | D:3      | Reached XP level 5. HP: 21/35 MP: 5/5
  2875 | D:4      | Reached skill level 1 in Fighting
  2875 | D:4      | Reached skill level 1 in Dodging
  3021 | D:4      | Reached skill level 2 in Fighting
  3021 | D:4      | Reached XP level 6. HP: 25/44 MP: 6/6
  3195 | D:4      | Found a staircase to the Ecumenical Temple.
  3233 | D:4      | Found a burning altar of Makhleb.
  3236 | D:4      | Found a shadowy altar of Dithmenos.
  3627 | Temple   | Entered the Ecumenical Temple
  3768 | D:5      | Entered Level 5 of the Dungeon
  3866 | D:5      | Reached skill level 3 in Fighting
  4350 | D:5      | Found a glowing drain.
  4360 | Sewer    | Entered a sewer
  4553 | Sewer    | Reached XP level 7. HP: 33/53 MP: 7/7
  4587 | Sewer    | Reached skill level 4 in Fighting
  6127 | D:5      | Noticed a moth of wrath
  6130 | D:5      | Found a bloodstained altar of Trog.
  6272 | D:6      | Reached skill level 5 in Fighting
  6284 | D:6      | Found a sand-covered staircase.
  6319 | D:6      | Gained mutation: You have hoof-like feet. [demonic
                  | ancestry]
  6319 | D:6      | Reached XP level 8. HP: 29/62 MP: 8/8
  6360 | D:6      | Reached skill level 5 in Dodging
  6583 | Ossuary  | Entered an ossuary
  6736 | Ossuary  | Reached skill level 6 in Fighting
  7913 | D:6      | Found a shimmering altar of Xom.
  7993 | D:6      | Found a sacrificial altar of Ru.
  8134 | D:7      | Found a radiant altar of Vehumet.
  8140 | D:7      | Reached skill level 7 in Fighting
  8236 | D:7      | Gained mutation: When seriously injured, your bleeding
                  | wounds create thick armour. (AC +9) [demonic ancestry]
  8236 | D:7      | Reached XP level 9. HP: 22/72 MP: 9/9
  8274 | D:7      | Found a flagged portal.
  8426 | Bailey   | Entered a bailey
  8740 | Bailey   | Noticed an orc knight
  9060 | Bailey   | Killed an orc knight
  9060 | Bailey   | Reached skill level 8 in Fighting
  9285 | Bailey   | Found an iron altar of Okawaru.
  9320 | Bailey   | Got a smoking war axe
  9330 | Bailey   | Identified the +6 war axe of Kugiewn {vorpal, rPois rF+}
                  | (You found it in a bailey)
  9727 | D:7      | Reached skill level 9 in Fighting
 10758 | D:8      | Paralysed by a hornet for 1 turns
 10763 | D:8      | Reached XP level 10. HP: 50/83 MP: 10/10
 11185 | D:8      | Found a roughly hewn altar of Beogh.
 11452 | D:9      | Found a glowing silver altar of Zin.
 11460 | D:9      | Found a snail-covered altar of Cheibriados.
 11463 | D:9      | Found a glowing golden altar of the Shining One.
 11557 | D:9      | Found an iron altar of Okawaru.
 11780 | D:9      | Reached skill level 10 in Fighting
 11842 | D:9      | Found a hazy altar of Hepliaklqana.
 11857 | D:9      | Found a stormy altar of Qazlal.
 11870 | D:9      | Slain by a slime creature

Illustrated notes

Levels and vault maps discovered:
D:1:      dpeg_arrival_shrine, layout_loops_corners
D:2:      layout_basic, uniq_terence
D:3:      layout_basic, evilmike_ruin_ashenzari,
          chequers_ecumenical_altar_simple, kennysheep_generic_room_14
D:4:      layout_rooms, chequers_temple_overflow_statue_of_worship,
          temple_statues
D:5:      layout_loops_corners, tgw_trog, lightli_sewer_entry_pipes
D:6:      layout_cave_pools, xom_teletrap_fun, hangedman_ru_absence,
          enter_ossuary_3, kennysheep_generic_room_10
D:7:      layout_loops_ring, lemuel_doored_altar, enter_bailey_2,
          small_statue_intersection
D:8:      layout_loops_ring, special_room [special_room_orc], minivault_26,
          minmay_door_square, chequers_serial_rivers_micro_d,
          hangedman_pestilent_swarm
D:9:      layout_loops_ring, nicolae_overflow_crystal_walls, kennysheep_mini,
          grunt_temple_overflow_cloverleaf
Temple:   nicolae_temple_figure_zero

Skill      XL: |  1  2  3  4  5  6  7  8  9 10 |
---------------+-------------------------------+-----
Armour         | 2 3 |  3.5
Crossbows      | 3 4 |  4.1
Fighting       | 2 3 5 7 9 10 | 10.1
Dodging        | 1 3 4 6 8 9 |  9.3
Summonings     | |  2.0
Fire Magic     | |  1.0
Evocations     | |  2.0

Action                   |  1- 3 |  4- 6 |  7- 9 | 10-12 || total
-------------------------+-------+-------+-------+-------++-------
Melee: Short sword       |       |       |   377 |       ||   377
       Kick              |       |       |   126 |       ||   126
       Hand crossbow     |       |       |    40 |       ||    40
       War axe           |       |       |   141 |    96 ||   237
 Fire: Hand crossbow     |    84 |   199 |    56 |       ||   339
Throw: Dart              |       |    10 |    20 |       ||    30
  Use: Scroll            |       |       |    11 |     1 ||    12
       Potion            |       |       |     1 |       ||     1
 Stab: Invisible         |       |       |     3 |       ||     3
       Sleeping          |       |       |     2 |     2 ||     4
Armor: Ring mail         |     8 |    30 |   211 |       ||   249
       Steam dragon scal |       |       |    58 |    29 ||    87
Dodge: Dodged            |    22 |    73 |   905 |   159 ||  1159

Table legend: (Time is in decaauts)
 A = Elapsed time spent in this place.
 B = Non-inter-level travel time spent in this place.
 C = Inter-level travel time spent in this place.
 D = Time resting spent in this place.
 E = Time spent auto-exploring this place.
 F = Levels seen in this place.
 G = Mean time per level.
                   A        B        C        D        E       F      G
               +--------+--------+--------+--------+--------+-----+--------+
         Total |  12243 |  12030 |    213 |   3874 |   5789 |  13 |  941.8 |
       Dungeon |   8725 |   8523 |    202 |   2161 |   4941 |   9 |  969.4 |
        Temple |    117 |    107 |     10 |      0 |    107 |   1 |  117.0 |
         Sewer |   1496 |   1496 |      0 |    597 |    424 |   1 | 1496.0 |
       Ossuary |    966 |    966 |      0 |    515 |    272 |   1 |  966.0 |
        Bailey |    937 |    937 |      0 |    601 |     44 |   1 |  937.0 |
               +--------+--------+--------+--------+--------+-----+--------+

Top non-repeatable levels by time:
   Sewer: 1496 daAuts
     D:7: 1259 daAuts
     D:8: 1243 daAuts
     D:3: 1109 daAuts
     D:5: 1108 daAuts
     D:4: 995 daAuts
     D:1: 984 daAuts
 Ossuary: 966 daAuts
  Bailey: 937 daAuts
     D:6: 918 daAuts
     D:2: 623 daAuts
     D:9: 482 daAuts
  Temple: 117 daAuts
